 Dungeon Crawl Stone Soup version 0.31-a0-177-g4aa6249778 (webtiles) character file.

Game seed: 11281657654306406918

23790 quinnr the Stormcaller (level 13, -4/74 HPs)
             Began as a Tengu Air Elementalist on June 18, 2023.
             Was a Follower of Vehumet.
             Slain by a skyshark (23 damage)
             ... on level 3 of the Lair of Beasts.
             The game lasted 00:44:32 (21955 turns).

quinnr the Stormcaller (Tengu Air Elementalist)    Turns: 21955, Time: 00:44:33

Health: -4/74      AC:  5    Str: 12    XL:     13   Next: 9%
Magic:  4/21       EV: 20    Int: 20    God:    Vehumet [*.....]
Gold:   822        SH:  0    Dex: 15    Spells: 7/22 levels left

rFire   x . .        M - staff "Tuugia" {rElec rPois rN+ Str+3 SInv Necro, !a}
rCold   + + .        y - orb {light}
rNeg    + . .        r - +0 leather armour {rC+}
rPois   +            (helmet restricted)
rElec   +            e - +0 cloak
rCorr   .            j - +0 pair of gloves {Stlth+}
SInv    +            (boots unavailable)
Will    .....        (no amulet)
Stlth   ++           Z - ring of wizardry
HPRegen 0.32/turn    C - ring of ice
MPRegen 0.17/turn

%: wizardry (x1)
@: flying quickly and evasively, glowing, studying Axes, quick
A: beak, talons 3, nimble flight
a: Renounce Religion


You were on level 3 of the Lair of Beasts.
You worshipped Vehumet.
Vehumet was aware of your devotion.
You visited 3 branches of the dungeon, and saw 16 of its levels.
You also visited: Ossuary, Bailey and Ice Cave.

You collected 822 gold pieces.


Innate Abilities, Weirdness & Mutations

You have a beak for a mouth.
You have claws for feet.
Your magical nature lets you fly swiftly and evasively.


   Skills:
 - Level 6.0 Fighting
 - Level 3.0 Short Blades
 - Level 3.0 Armour
 + Level 10.2 Dodging
 - Level 7.0 Stealth
 - Level 5.0 Spellcasting
 - Level 5.0 Conjurations
 - Level 6.0 Ice Magic
 - Level 19.0 Air Magic


You had 7 spell levels left.
You knew the following spells:

 Your Spells              Type           Power      Damage    Failure   Level
a - Airstrike             Air            34%        2d(5-21)  1%          4
f - Freezing Cloud        Conj/Ice/Air   30%        6-21      2%          5
i - Swiftness             Air            69%        N/A       0%          3
t - Static Discharge      Conj/Air       100%       2-7/arc   1%          2
z - Shock                 Conj/Air       100%       1d9       1%          1

Your spell library contained the following spells:

 Spells                   Type           Power      Damage    Failure   Level
 Kiss of Death            Conj/Necr      88%        2d12      2%          1
 Cigotuvi's Dreadful Rot  Necr/Pois/Air  90%        N/A       1%          2
 Frozen Ramparts          Ice            86%        1d13      1%          3
 Apportation              Tloc           10%        N/A       6%          1
 Beastly Appendage        Tmut           10%        N/A       6%          1
 Sandblast                Erth           10%        2d5       6%          1
 Dazzling Flash           Conj/Hex       30%        N/A       6%          3
 Stone Arrow              Conj/Erth      30%        3d8       6%          3
 Lesser Beckoning         Tloc           10%        N/A       9%          2
 Passwall                 Tmut/Erth      4%         N/A       9%          2
 Wereblood                Tmut           5%         N/A       9%          2
 Ice Form                 Ice/Tmut       25%        N/A       16%         4
 Summon Ice Beast         Ice/Summ       25%        N/A       16%         4
 Gell's Gravitas          Tloc           5%         N/A       17%         3
 Ignite Poison            Fire/Tmut/Pois 5%         N/A       17%         3
 Spider Form              Tmut/Pois      5%         N/A       17%         3
 Teleport Other           Tloc           5%         N/A       17%         3
 Volatile Blastmotes      Fire/Tloc      10%        2d10      17%         3
 Iskenderun's Mystic Bla  Conj/Tloc      15%        2d5       21%         4
 Alistair's Intoxication  Tmut/Pois      3%         N/A       82%         5
 Summon Mana Viper        Hex/Summ       5%         N/A       82%         5
 Starburst                Conj/Fire      7%         6d4       95%         6
 Monstrous Menagerie      Summ           2%         N/A       100%        7

Inventory:

Hand Weapons
 F - a +2 dagger of venom
 O - the +9 great mace "Vanlocen" {chaos, rElec rCorr Int+5 Dex-4}
   (You took it off an orc wizard on level 7 of the Dungeon)

   Int:       It affects your intelligence (+5).
   Dex:       It affects your dexterity (-4).
   rElec:     It insulates you from electricity.
   rCorr:     It protects you from acid and corrosion.
Armour
 e - a +0 cloak (worn)
 g - a +1 cloak
 j - a +0 pair of gloves of stealth (worn)
 r - a +0 leather armour of cold resistance (worn)
 y - an orb of light (worn)
Magical Staves
 H - a staff of cold {!a}
 M - the staff "Tuugia" (weapon) {rElec rPois rN+ Str+3 SInv Necro, !a}
   (You found it on level 7 of the Dungeon)

   [staff of death]

   Base accuracy: +5 Base damage: 5 Base attack delay: 1.2 This weapon's minimum
   attack delay (0.6) is reached at skill level 12.
   Str:       It affects your strength (+3).
   rElec:     It insulates you from electricity.
   rPois:     It protects you from poison.
   rN:        It protects you from negative energy.
   SInv:      It lets you see invisible.
   It falls into the 'Staves' category.
   It is a one-handed weapon.
Jewellery
 s - a +6 ring of strength
 C - a ring of ice (right hand)
 D - a +6 ring of dexterity
 N - the ring "Goplu Hetan" {Fire Will+}
   (You took it off an orc wizard on level 7 of the Dungeon)

   [ring of fire]

   It enhances your fire magic.
   rF:        It protects you from fire.
   rC:        It makes you vulnerable to cold.
   Will:      It increases your willpower.
 R - a ring of resist corrosion
 Z - a ring of wizardry (left hand)
Wands
 n - a wand of roots (6)
 o - a wand of mindburst (7)
 q - a wand of paralysis (14)
 P - a wand of digging (3)
Scrolls
 d - 2 scrolls of poison
 f - 4 scrolls of teleportation {@r2}
 h - 3 scrolls of brand weapon
 k - 3 scrolls of immolation
 l - a scroll of vulnerability
 m - a scroll of enchant armour
 p - a scroll of acquirement {unknown}
 E - a scroll of silence {!r}
 G - a scroll of identify {@r1}
 K - 2 scrolls of enchant weapon
Potions
 a - 3 potions of haste {@q3}
 b - 4 potions of magic
 c - 2 potions of lignification {unknown}
 i - 7 potions of curing {@q1}
 t - 5 potions of degeneration {unknown}
 u - 2 potions of heal wounds {@q2}
 v - 2 potions of resistance
 w - 2 potions of might
 x - a potion of experience
 z - 4 potions of cancellation
 A - 4 potions of invisibility
 B - 2 potions of berserk rage {!q}
 I - 2 potions of ambrosia
 J - a potion of enlightenment
 Q - a potion of mutation {unknown}
 S - a potion of attraction

Dungeon Overview and Level Annotations

Branches:
Dungeon (10/15)            Temple (1/1) D:6            Lair (5/5) D:8
  Swamp (0/4) Lair:2        Snake (0/4) Lair:3      Ossuary (visited)
 Bailey (visited)           IceCv (visited)
  Slime: Lair:4-5       Orc: D:9-12

Altars:
Ashenzari
Cheibriados
Dithmenos
Elyvilon
Fedhas
Gozag
Hepliaklqana
Kikubaaqudgha
Makhleb
Nemelex Xobeh
Okawaru
Qazlal
Ru
Sif Muna
Trog
Uskayaw
Vehumet
Wu Jian
Xom
Yredelemnul
Zin
The Shining One

Shops:
D:1 (

Annotations:
Lair:4 exclusion: 2 downstairs

##.~~≈≈~~~~...
###.~~~≈≈~≈~...F
##.P.~≈≈≈≈~~≈~~.#
#....~≈≈~~.≈≈~...
#...~~≈~.>.≈≈~...
##....~~≈~~~~≈~...
#P.>.~~~≈≈≈≈F≈~...
###.....~~~≈≈≈≈~~...
##P.#....@l§§§~~~...#
#..........§§§.......
#..........§.§.▒.P▒..
#.▒.~.~▒.▒....▒.§≈≈..
#.~~≈≈~≈~▒.....▒≈§≈▒
#..~≈≈≈≈≈▒▒...▒.≈§≈
##.~≈≈≈≈≈≈▒▒....≈.▒ .
##..▒~≈≈≈≈≈~.......
.. #.#.≈≈≈≈≈≈≈▒▒..
...


You could see a skyshark (strong, slow) and a cane toad (wandering).


Message History

Aim: a skyshark (freezing vapour, lightly wounded, slow, haloed, empty space bonus: 8/8)
The air twists around and strikes the skyshark!
The skyshark is moderately wounded.
The skyshark is engulfed in freezing vapours.
The skyshark seems to slow down.
Unknown command.
Casting: Airstrike (safe; 1% risk of failure)
Confirm with . or Enter, or press ? or * to list all spells.
Aiming: Airstrike (safe; 1% risk of failure)
Press: ? - help, Dir - move target, f/p - skyshark
Aim: a skyshark (heavily wounded, slow, haloed, empty space bonus: 7/8)
The air twists around and strikes the skyshark.
The skyshark is heavily wounded.
The skyshark bites you!
* * * LOW HITPOINT WARNING * * *
The skyshark tastes blood and grows stronger!
The skyshark completely misses you. The skyshark tail-slaps you.
* * * LOW HITPOINT WARNING * * *
Unknown command.
Unknown command.
Unknown command.
Casting: Airstrike (safe; 1% risk of failure)
Confirm with . or Enter, or press ? or * to list all spells.
Aiming: Airstrike (safe; 1% risk of failure)
Press: ? - help, Dir - move target, f/p - skyshark
Aim: a skyshark (heavily wounded, strong, slow, haloed, empty space bonus: 7/8)
The air twists around and strikes the skyshark!!
The skyshark is almost dead.
The skyshark bites you!!
You die...

Skill      XL: |  1  2  3  4  5  6  7  8  9 10 11 12 13 |
---------------+----------------------------------------+-----
Conjurations   | 2 3 5 |  5.0
Air Magic      | 5 6 7 9 11 14 18 19 | 19.0
Fighting       | 1 2 3 6 |  6.0
Armour         | 2 3 |  3.0
Dodging        | 3 4 6 9 10 | 10.2
Spellcasting   | 3 5 |  5.0
Ice Magic      | 1 5 6 |  6.0
Short Blades   | 2 3 |  3.0
Stealth        | 3 5 7 |  7.0

Action                     |  1- 3 |  4- 6 |  7- 9 | 10-12 | 13-15 || total
---------------------------+-------+-------+-------+-------+-------++-------
  Melee: Unarmed           |     2 |     2 |       |       |       ||     4
         Kick              |       |     1 |     5 |    25 |       ||    31
         Dagger            |       |       |    21 |    10 |       ||    31
         Peck              |       |       |     5 |    10 |       ||    15
         Staff             |       |       |       |    37 |       ||    37
  Throw: Dart              |       |       |     2 |       |       ||     2
   Cast: Shock             |    74 |    84 |    93 |    67 |       ||   318
         Static Discharge  |       |     5 |    13 |    44 |     2 ||    64
         Airstrike         |       |     7 |    78 |   188 |    10 ||   283
         Freezing Cloud    |       |       |     2 |    37 |     4 ||    43
         Swiftness         |       |       |       |     1 |       ||     1
  Evoke: Wand              |       |       |     8 |     8 |     1 ||    17
    Use: Scroll            |       |       |    11 |    14 |     2 ||    27
         Potion            |       |       |       |     1 |       ||     1
   Stab: Paralysed         |       |       |     4 |     2 |       ||     6
         Sleeping          |       |       |     1 |       |       ||     1
 Armour: Robe              |     4 |     2 |       |       |       ||     6
         Leather armour    |       |     1 |    12 |    16 |     4 ||    33
  Dodge: Dodged            |     9 |     5 |    75 |   122 |    24 ||   235

Levels and vault maps discovered:
D:1:      evilmike_arrival_plus, layout_basic, serial_shops,
          nicolae_shop_back_alley_shop
D:2:      layout_loops_corners
D:3:      layout_rooms, nicolae_the_louvre
D:4:      layout_loops_ring, minmay_small_thing
D:5:      layout_gridville, minmay_manual_monstrance
D:6:      layout_cave_pools, minmay_temple_entry_waves, kennysheep_minor_cross,
          minivault_4, uniq_menkaure, uniq_duvessa, uniq_eustachio
D:7:      minmay_the_grid_octo_2x2 [minmay_the_grid_octo_toaster,
          minmay_the_grid_octo_checkerflower,
          minmay_the_grid_octo_thin_diamonds,
          minmay_the_grid_octo_prize_ultimate_mussel_roller], layout_basic,
          lemuel_crystal_altar, amcnicky_altar_gilded,
          mainiacjoe_overflow_alcove_4, enter_bailey_3
D:8:      layout_cave_pools, chequers_temple_overflow_statue_of_worship,
          david_lair_shrubbed, enter_ossuary_5
D:9:      layout_irregular_city, nzn_wu_jian_contemplation,
          nicolae_tso_carved_into_rock, nicolae_vehumet_altar_sigil
D:10:     layout_roguey, uniq_erolcha
Temple:   nicolae_temple_ecumenical_triangle
Lair:1:   layout_regular_city
Lair:2:   layout_layer_cave, swamp_mist, uniq_erica, uniq_urug
Lair:3:   layout_gridlike, minmay_snake_entry_guardpost_small,
          serial_bayou_shore_a, infiniplex_staircase_pool_2, uniq_amaemon
Lair:4:   layout_big_grid, portal_ice_cave_entry_pillars_1, lemuel_fruit_tree,
          grunt_megastairs_5
Lair:5:   grunt_lair_end_beastmaster, layout_gridlike,
          nicolae_slime_entry_field_trip, chequers_serial_rivers_room_b,
          serial_bayou_shore_b

Notes
Turn   | Place    | Note
-------+----------+-------------------------------------------
     0 | D:1      | quinnr the Tengu Air Elementalist began the quest for the
                  | Orb.
     0 | D:1      | Reached XP level 1. HP: 10/10 MP: 4/4
   139 | D:1      | You fall into a shaft and drop 1 floor!
   338 | D:1      | Reached skill level 2 in Conjurations
   338 | D:1      | Reached XP level 2. HP: 15/15 MP: 1/6
   792 | D:1      | Learned a level 2 spell: Static Discharge
   995 | D:3      | Reached skill level 5 in Air Magic
  1172 | D:2      | Reached XP level 3. HP: 19/19 MP: 0/7
  2149 | D:3      | Reached skill level 6 in Air Magic
  2208 | D:3      | Reached skill level 1 in Fighting
  2208 | D:3      | Reached XP level 4. HP: 25/25 MP: 3/8
  2752 | D:3      | Learned a level 4 spell: Airstrike
  3329 | D:4      | Gained mutation: Your magical nature lets you fly swiftly
                  | and evasively. [Tengu growth]
  3329 | D:4      | Reached XP level 5. HP: 28/29 MP: 2/10
  3486 | D:4      | Noticed a black bear
  3525 | D:4      | Killed a black bear
  3526 | D:4      | Reached skill level 2 in Armour
  3526 | D:4      | Reached skill level 3 in Dodging
  3526 | D:4      | Reached skill level 3 in Spellcasting
  3526 | D:4      | Reached XP level 6. HP: 34/34 MP: 2/11
  4141 | D:4      | Reached skill level 7 in Air Magic
  4657 | D:1      | Found Iterph's Weapon Shop.
  4766 | D:5      | Entered Level 5 of the Dungeon
  4766 | D:5      | Noticed an ice beast
  4771 | D:5      | Killed an ice beast
  4772 | D:5      | Reached skill level 3 in Armour
  4772 | D:5      | Reached skill level 4 in Dodging
  4772 | D:5      | Reached XP level 7. HP: 38/38 MP: 0/12
  4899 | D:5      | Learned a level 3 spell: Swiftness
  5008 | D:5      | Reached skill level 8 in Air Magic
  5571 | D:5      | Reached skill level 9 in Air Magic
  5884 | D:5      | Reached XP level 8. HP: 44/44 MP: 6/14
  5972 | D:5      | Reached skill level 2 in Fighting
  6298 | D:5      | Reached skill level 4 in Spellcasting
  6485 | D:5      | Noticed a yak
  6487 | D:5      | Killed a yak
  6488 | D:5      | Reached skill level 5 in Dodging
  6704 | D:6      | Noticed Menkaure
  6706 | D:6      | Killed Menkaure
  6707 | D:6      | Reached skill level 6 in Dodging
  6707 | D:6      | Reached skill level 5 in Spellcasting
  6714 | D:6      | Learned a level 5 spell: Freezing Cloud
  6831 | D:7      | Found a glowing silver altar of Zin.
  6897 | D:7      | Found a blossoming altar of Fedhas.
  6921 | D:7      | Found a hazy altar of Hepliaklqana.
  6948 | D:7      | Reached skill level 1 in Ice Magic
  6964 | D:7      | Reached skill level 3 in Conjurations
  6998 | D:7      | Reached XP level 9. HP: 36/48 MP: 1/17
  7026 | D:7      | Found a flagged portal.
  7040 | Bailey   | Entered a bailey
  7287 | Bailey   | Reached skill level 2 in Ice Magic
  7439 | Bailey   | Reached skill level 4 in Conjurations
  7543 | Bailey   | Noticed an orc knight
  7562 | Bailey   | Killed an orc knight
  7563 | Bailey   | Reached skill level 4 in Ice Magic
  7563 | Bailey   | Reached skill level 10 in Air Magic
  7582 | Bailey   | HP: 4/43 [gnoll/+1 halberd of draining (4)]
  8106 | D:6      | Found a staircase to the Ecumenical Temple.
  8127 | Temple   | Entered the Ecumenical Temple
  8419 | D:6      | Noticed Eustachio
  8424 | D:6      | Killed Eustachio
  8635 | D:6      | Reached skill level 5 in Conjurations
  8998 | D:6      | Noticed Dowan
  8999 | D:6      | Noticed Duvessa
  9001 | D:6      | Killed Dowan
  9019 | D:6      | Killed Duvessa
  9148 | D:6      | Reached skill level 5 in Ice Magic
  9470 | D:7      | Reached skill level 11 in Air Magic
  9563 | D:7      | Noticed a troll
  9564 | D:7      | Reached skill level 1 in Short Blades
  9564 | D:7      | Noticed a kobold demonologist
  9565 | D:7      | Noticed a troll
  9912 | D:7      | Reached skill level 2 in Short Blades
  9912 | D:7      | Reached skill level 3 in Stealth
 10026 | D:7      | Reached XP level 10. HP: 53/53 MP: 10/18
 10183 | D:7      | Reached skill level 3 in Short Blades
 10217 | D:8      | Reached skill level 4 in Stealth
 10506 | D:8      | Found a sand-covered staircase.
 10511 | Ossuary  | Entered an ossuary
 11012 | Ossuary  | Reached skill level 12 in Air Magic
 11428 | D:8      | Found a hide-covered altar of Uskayaw.
 11445 | D:8      | Reached skill level 5 in Stealth
 11661 | D:8      | Found a sacrificial altar of Ru.
 11661 | D:8      | Found a shimmering blue altar of Sif Muna.
 11680 | D:8      | Reached skill level 3 in Fighting
 11883 | D:7      | Killed a kobold demonologist
 12248 | D:7      | Identified the staff "Tuugia" {rElec rPois rN+ Str+3 SInv
                  | Necro}
 12256 | D:7      | Identified the +0 scale mail "Ekheph" {rF+ rC+ Slay-3
                  | Stlth+}
 12426 | D:7      | Reached skill level 6 in Ice Magic
 12426 | D:7      | Identified the +9 great mace "Vanlocen" {chaos, rElec rCorr
                  | Int+5 Dex-4}
 12426 | D:7      | Identified the ring "Goplu Hetan" {Fire Will+}
 12620 | D:7      | Reached skill level 13 in Air Magic
 12895 | D:7      | Noticed a cyclops
 12917 | D:7      | Killed a cyclops
 13371 | D:8      | Found a staircase to the Lair.
 13457 | D:8      | Reached skill level 14 in Air Magic
 13701 | D:9      | Found a glowing golden altar of the Shining One.
 13754 | D:9      | Noticed a two-headed ogre
 13757 | D:9      | Killed a two-headed ogre
 13758 | D:9      | Reached XP level 11. HP: 60/60 MP: 6/19
 14043 | D:9      | Found an ornate altar of the Wu Jian Council.
 14174 | D:9      | Reached skill level 15 in Air Magic
 14439 | D:9      | Found a radiant altar of Vehumet.
 14681 | D:9      | Became a worshipper of Vehumet
 14784 | Lair:1   | Entered Level 1 of the Lair of Beasts
 15426 | D:10     | Entered Level 10 of the Dungeon
 15430 | D:10     | Reached skill level 16 in Air Magic
 16248 | Lair:1   | You are sucked into a shaft and drop 1 floor!
 16254 | Lair:2   | Reached skill level 17 in Air Magic
 16737 | Lair:1   | Reached skill level 18 in Air Magic
 16997 | Lair:1   | Reached XP level 12. HP: 64/64 MP: 7/20
 17308 | Lair:1   | Identified a potion of experience
 17548 | Lair:2   | Noticed Urug
 17552 | Lair:2   | Killed Urug
 17704 | Lair:2   | Reached skill level 19 in Air Magic
 17952 | Lair:2   | Identified 2 potions of resistance
 17960 | Lair:2   | Noticed Erica
 17963 | Lair:2   | Killed Erica
 18501 | Lair:2   | Found a staircase to the Swamp.
 19254 | Lair:3   | Found a staircase to the Snake Pit.
 19268 | Lair:3   | Reached skill level 4 in Fighting
 19522 | Lair:3   | Reached * piety under Vehumet
 19522 | Lair:3   | Offered knowledge of Kiss of Death by Vehumet.
 19594 | Lair:3   | Noticed Amaemon
 19598 | Lair:3   | Killed Amaemon
 19599 | Lair:3   | Reached skill level 6 in Stealth
 19652 | Lair:3   | Reached skill level 7 in Dodging
 19774 | Lair:4   | Found a frozen archway.
 19798 | IceCv    | Entered an ice cave
 20030 | IceCv    | Reached skill level 5 in Fighting
 20408 | Lair:4   | Noticed a death yak
 20429 | Lair:4   | Killed a death yak
 20430 | Lair:4   | Reached skill level 7 in Stealth
 20557 | Lair:4   | Noticed a death yak
 20557 | Lair:4   | Noticed a death yak
 20558 | Lair:4   | Noticed a death yak
 20654 | Lair:4   | Noticed a death yak
 20671 | Lair:4   | Killed a death yak
 20672 | Lair:4   | Reached skill level 8 in Dodging
 20678 | Lair:4   | Killed a death yak
 20679 | Lair:4   | Reached skill level 6 in Fighting
 20977 | Lair:4   | Noticed a skyshark
 20980 | Lair:4   | Killed a skyshark
 20981 | Lair:4   | Reached skill level 9 in Dodging
 21205 | Lair:4   | Killed a death yak
 21206 | Lair:4   | Reached XP level 13. HP: 74/74 MP: 3/21
 21367 | Lair:4   | Reached skill level 10 in Dodging
 21750 | Lair:5   | Entered Level 5 of the Lair of Beasts
 21955 | Lair:3   | Slain by a skyshark

Vanquished Creatures
  Erica (Lair:2)
  5 death yaks (Lair:4)
  A two-headed ogre (D:9)
  Urug (Lair:2)
  A skyshark (Lair:4)
  Amaemon (Lair:3)
  An orc knight (Bailey)
  A cyclops (D:7)
  3 black mambas
  An elephant (Lair:5)
  An orange demon (Lair:3)
  3 cane toads
  A rime drake (Lair:2)
  2 kobold demonologists
  3 komodo dragons
  3 trolls (D:7)
  3 polar bears
  4 blink frogs
  A vampire (D:10)
  2 wraiths
  2 wyverns (D:9)
  26 yaks
  Eustachio (D:6)
  2 basilisks (Lair:3)
  2 steam dragons
  Menkaure (D:6)
  3 nagas (Lair:3)
  5 water moccasins
  2 orc warriors (D:8)
  2 black bears
  3 sky beasts (D:7)
  Duvessa (D:6)
  3 ice beasts
  9 wolves
  6 centaurs
  3 ogres
  A phantom (D:4)
  6 bullfrogs
  2 scorpions (D:5)
  Dowan (D:6)
  16 wights
  8 killer bees
  3 electric eels
  2 howler monkeys
  A gnoll bouda (D:7)
  4 hounds
  2 human zombies (Ossuary)
  A jelly (D:5)
  2 orc priests
  A sleepcap (D:5)
  2 iguanas
  5 orc wizards
  3 mummies (Ossuary)
  15 gnolls
  7 adders
  A white imp (D:7)
  3 ufetubi
  A dart slug (D:3)
  2 worms (D:4)
  39 orcs
  5 endoplasms
  2 giant cockroaches
  13 goblins
  7 hobgoblins
  4 quokkas
  4 ball pythons
  8 bats
  2 frilled lizards
  4 goblin zombies (Ossuary)
  5 kobolds
  6 kobold zombies (Ossuary)
  4 rats
302 creatures vanquished.

Table legend: (Time is in decaauts)
 A = Elapsed time spent in this place.
 B = Non-inter-level travel time spent in this place.
 C = Inter-level travel time spent in this place.
 D = Time resting spent in this place.
 E = Time spent auto-exploring this place.
 F = Levels seen in this place.
 G = Mean time per level.
                   A        B        C        D        E       F      G
               +--------+--------+--------+--------+--------+-----+--------+
         Total |  21153 |  20088 |   1065 |   3925 |  13000 |  19 | 1113.3 |
       Dungeon |  13527 |  12633 |    894 |   1915 |   8743 |  10 | 1352.7 |
        Temple |    146 |    139 |      7 |    100 |     31 |   1 |  146.0 |
          Lair |   5374 |   5211 |    163 |   1203 |   3315 |   5 | 1074.8 |
       Ossuary |    794 |    794 |      0 |    113 |    502 |   1 |  794.0 |
        Bailey |    971 |    971 |      0 |    407 |    315 |   1 |  971.0 |
      Ice Cave |    339 |    339 |      0 |    186 |     92 |   1 |  339.0 |
               +--------+--------+--------+--------+--------+-----+--------+

Top non-repeatable levels by time:
     D:7: 2367 daAuts
     D:5: 1848 daAuts
  Lair:4: 1743 daAuts
  Lair:2: 1692 daAuts
     D:4: 1604 daAuts
     D:9: 1567 daAuts
  Lair:1: 1507 daAuts
     D:8: 1459 daAuts
     D:6: 1448 daAuts
     D:2: 1231 daAuts
     D:1: 1012 daAuts
  Bailey: 971 daAuts
     D:3: 926 daAuts
 Ossuary: 794 daAuts
  Lair:3: 391 daAuts

Table legend:
 A = Non-vault XP
 B = Vault XP
 C = Vault XP percentage of total XP
 D = Non-vault monster count
 E = Vault monster count
 F = Vault count percentage of total count
                 A         B        C        D         E       F
            +---------+---------+-------+---------+---------+-------
      Total |   18920 |   15066 |  44.3 |     200 |     102 |  33.8
            +---------+---------+-------+---------+---------+-------
        D:1 |      20 |       0 |   0.0 |      13 |       0 |   0.0
        D:2 |      34 |       0 |   0.0 |      14 |       0 |   0.0
        D:3 |      81 |       0 |   0.0 |      18 |       0 |   0.0
        D:4 |     371 |      51 |  12.1 |      20 |       1 |   4.8
        D:5 |     852 |     355 |  29.4 |      20 |       6 |  23.1
        D:6 |     566 |     571 |  50.2 |      14 |       4 |  22.2
        D:7 |     668 |    3017 |  81.9 |       9 |      25 |  73.5
        D:8 |    1648 |     367 |  18.2 |      23 |       1 |   4.2
        D:9 |    2332 |       0 |   0.0 |      17 |       0 |   0.0
       D:10 |     568 |       0 |   0.0 |       2 |       0 |   0.0
     Lair:1 |    4530 |       0 |   0.0 |      21 |       0 |   0.0
     Lair:2 |    3521 |    1608 |  31.4 |      13 |       2 |  13.3
     Lair:3 |     583 |    1632 |  73.7 |       5 |       5 |  50.0
     Lair:4 |    2641 |    5036 |  65.6 |      10 |      10 |  50.0
     Lair:5 |     505 |       0 |   0.0 |       1 |       0 |   0.0
    Ossuary |       0 |     369 | 100.0 |       0 |      16 | 100.0
     Bailey |       0 |     798 | 100.0 |       0 |      26 | 100.0
      IceCv |       0 |    1262 | 100.0 |       0 |       6 | 100.0
            +---------+---------+-------+---------+---------+-------

Levels and vault maps discovered:
D:1:      evilmike_arrival_plus, layout_basic, serial_shops,
          nicolae_shop_back_alley_shop
D:2:      layout_loops_corners
D:3:      layout_rooms, nicolae_the_louvre
D:4:      layout_loops_ring, minmay_small_thing
D:5:      layout_gridville, minmay_manual_monstrance
D:6:      layout_cave_pools, minmay_temple_entry_waves, kennysheep_minor_cross,
          minivault_4, uniq_menkaure, uniq_duvessa, uniq_eustachio
D:7:      minmay_the_grid_octo_2x2 [minmay_the_grid_octo_toaster,
          minmay_the_grid_octo_checkerflower,
          minmay_the_grid_octo_thin_diamonds,
          minmay_the_grid_octo_prize_ultimate_mussel_roller], layout_basic,
          lemuel_crystal_altar, amcnicky_altar_gilded,
          mainiacjoe_overflow_alcove_4, enter_bailey_3
D:8:      layout_cave_pools, chequers_temple_overflow_statue_of_worship,
          david_lair_shrubbed, enter_ossuary_5
D:9:      layout_irregular_city, nzn_wu_jian_contemplation,
          nicolae_tso_carved_into_rock, nicolae_vehumet_altar_sigil
D:10:     layout_roguey, uniq_erolcha
Temple:   nicolae_temple_ecumenical_triangle
Lair:1:   layout_regular_city
Lair:2:   layout_layer_cave, swamp_mist, uniq_erica, uniq_urug
Lair:3:   layout_gridlike, minmay_snake_entry_guardpost_small,
          serial_bayou_shore_a, infiniplex_staircase_pool_2, uniq_amaemon
Lair:4:   layout_big_grid, portal_ice_cave_entry_pillars_1, lemuel_fruit_tree,
          grunt_megastairs_5
Lair:5:   grunt_lair_end_beastmaster, layout_gridlike,
          nicolae_slime_entry_field_trip, chequers_serial_rivers_room_b,
          serial_bayou_shore_b
